 Dungeon Sprint DCSS version 0.23-a0-650-ga4d50d4 (webtiles) character file.

2318 Leeroy the Fencer (level 9, -1/65 HPs)
             Began as a Barachi Skald on Jan 2, 2019.
             Was a High Priest of Qazlal.
             Killed by miscasting Throw Icicle (22 damage)
             ... in the Dungeon (Sprint V: "Ziggurat Sprint").
             The game lasted 00:31:14 (936 turns).

Leeroy the Fencer (Barachi Skald)                    Turns: 936, Time: 00:31:15

Health: -1/65      AC: 16    Str: 14    XL:     9   Next: 41%
Magic:  0/14       EV:  9    Int: 27    God:    Qazlal [*****.]
Gold:   0          SH: 11    Dex: 12    Spells: 3/12 levels left

rFire    + + .     SeeInvis .   L - +9 sword of Zonguldrok {reap}
rCold    x . .     Gourm    .   (no shield)
rNeg     . . .     Faith    .   O - +5 fire dragon scales
rPois    .         Spirit   .   (no helmet)
rElec    .         Reflect  +   (no cloak)
rCorr    .         Harm     .   (no gloves)
MR       .....     NoTele   +   (no boots)
Stlth    ..........             X - +4 amulet of reflection
HPRegen  0.20/turn              A - +6 ring of intelligence
MPRegen  0.14/turn              B - +6 ring of intelligence

@: very slightly contaminated, studying Axes, repel missiles, slow
A: +LOS, swims, slowness 1, strong legs 1
a: Hop, Upheaval, Elemental Force, Disaster Area, Renounce Religion


You were in the Dungeon.
You worshipped Qazlal.
Qazlal was extremely pleased with you.
You were not hungry.

You visited 1 branch

Inventory:

Hand Weapons
 b - a +5 quarterstaff of protection
 I - the +7 Singing Sword {slice, sonic wave}
   (You found it in the Dungeon)

   It inflicts extra damage upon your enemies.
 J - the +8 lance "Wyrmbane" {slay drac, rPois rF+ rC+ AC+3}
   (You found it in the Dungeon)

   It affects your AC (+3).
   It protects you from fire.
   It protects you from cold.
   It protects you from poison.
 K - the +11 plutonium sword {*Contam Stlth-}
   (You found it in the Dungeon)

   It causes magical contamination when unequipped.
   It makes you less stealthy.
 L - the +9 sword of Zonguldrok (weapon) {reap}
   (You found it in the Dungeon)

   If a monster killed with it leaves a corpse in good enough shape, the corpse
   will be animated as a zombie friendly to the killer.
 M - a +5 fustibalus
 Q - a +5 demon blade
 R - a +5 triple sword of freezing
 W - the +5 short sword of the Little People {elec, MR++}
   (You found it in the Dungeon)

   Occasionally, upon striking a foe, it will discharge some electrical energy
   and cause terrible harm.
   It affects your resistance to hostile enchantments.
Missiles
 N - 999 sling bullets
Armour
 O - +5 fire dragon scales (worn)
 P - +5 ice dragon scales
 S - the +15 Maxwell's patent armour {-Cast -Tele rElec MR+ rCorr}
   (You found it in the Dungeon)

   It insulates you from electricity.
   It affects your resistance to hostile enchantments.
   It prevents spellcasting.
   It prevents most forms of teleportation.
   It provides partial protection from all sources of acid and corrosion.
 T - the +18 shield of the Gong {rElec rN+ MR+ EV-5}
   (You found it in the Dungeon)

   It affects your evasion (-5).
   It insulates you from electricity.
   It protects you from negative energy.
   It affects your resistance to hostile enchantments.
Magical Staves
 F - an uncursed staff of energy
 V - an uncursed staff of death
Jewellery
 y - a +6 ring of dexterity
 z - a +6 ring of dexterity
 A - a +6 ring of intelligence (left hand)
 B - a +6 ring of intelligence (right hand)
 C - a +6 ring of strength
 E - an uncursed ring of flight
 X - a +4 amulet of reflection (around neck)
Wands
 v - a wand of disintegration (7)
 w - a wand of iceblast (7)
 x - a wand of acid (7)
Scrolls
 j - 4 scrolls of blinking
 p - 4 scrolls of amnesia
 q - 7 scrolls of fog
 r - a scroll of holy word
 s - 5 scrolls of identify
 t - 5 scrolls of remove curse
 u - 2 scrolls of fear
Potions
 c - 2 potions of brilliance
 e - 10 potions of curing
 f - 10 potions of heal wounds
 g - 6 potions of haste
 h - 7 potions of magic
 i - 3 potions of berserk rage
 k - 2 potions of invisibility
 l - 4 potions of resistance
 m - a potion of experience
 n - 5 potions of agility
 o - 5 potions of might
Books
 U - a manual of Axes
Miscellaneous
 a - a lightning rod (4/4)
 G - a crystal ball of energy
 H - a sack of spiders
 Z - a fan of gales
Comestibles
 d - 7 rations
 Y - 4 chunks of flesh


   Skills:
 - Level 3.7 Fighting
 - Level 16.6 Long Blades
 - Level 9.2 Armour
 - Level 2.1 Dodging
 - Level 2.1 Spellcasting
 - Level 5.5 Conjurations
 - Level 7.3 Hexes
 - Level 3.2 Charms
 * Level 5.5 Ice Magic
 - Level 7.2 Invocations


You had 3 spell levels left.
You knew the following spells:

 Your Spells              Type           Power        Failure   Level  Hunger
a - Infusion              Chrm           ###.         11%         1    None
b - Spectral Weapon       Hex/Chrm       ####....     14%         3    ###....
c - Throw Icicle          Conj/Ice       ####....     38%         4    ####...
d - Confusing Touch       Hex            #####.       1%          1    None

Your spell library contained the following spells:

 Spells                   Type           Power        Failure   Level  Hunger
 Song of Slaying          Chrm           ###.....     16%         2    ##.....
 Summon Guardian Golem    Hex/Summ       ###.....     26%         3    ###....
 Shroud of Golubria       Chrm/Tloc      ##........   30%         2    ##.....
 Animate Skeleton         Necr           N/A          38%         1    None
 Apportation              Tloc           #.....       38%         1    None
 Summon Small Mammal      Summ           #...         38%         1    None
 Call Imp                 Summ           #.......     52%         2    ##.....
 Sublimation of Blood     Necr           #.........   52%         2    ##.....
 Regeneration             Chrm/Necr      ##........   52%         3    ###....
 Call Canine Familiar     Summ           #.......     77%         3    ###....
 Ignite Poison            Fire/Tmut/Pois #.......     77%         3    ###....
 Recall                   Summ/Tloc      N/A          77%         3    ###....
 Ice Form                 Ice/Tmut       ###.....     77%         4    ####...
 Summon Ice Beast         Ice/Summ       ###.....     77%         4    ####...
 Summon Mana Viper        Hex/Summ       ###.....     94%         5    ######.
 Irradiate                Conj/Tmut      ###.......   98%         5    ######.
 Petrify                  Tmut/Erth      #.......     99%         4    ####...
 Summon Lightning Spire   Summ/Air       #.......     99%         4    ####...
 Ozocubu's Refrigeration  Ice            ####......   99%         6    #######
 Alistair's Intoxication  Tmut/Pois      #.......     100%        5    ######.
 Summon Forest            Summ/Tloc      #.........   100%        5    ######.
 Freezing Cloud           Conj/Ice/Air   ###.......   100%        6    #######


Dungeon Overview and Level Annotations

Branches:
Dungeon (1/1)

Altars:
Ashenzari
Cheibriados
Dithmenos
Elyvilon
Fedhas
Gozag
Hepliaklqana
Kikubaaqudgha
Makhleb
Nemelex Xobeh
Okawaru
Qazlal
Ru
Sif Muna
Trog
Uskayaw
Vehumet
Wu Jian
Xom
Yredelemnul
Zin
The Shining One
Beogh
Jiyva
Lugonu

Annotations:
D 1 transporter


Innate Abilities, Weirdness & Mutations

Shadows flee at your approach. (+LOS)
You can swim through water.
You cover ground slowly.
You can hop short distances.


Message History

Aiming: Throw Icicle (quite dangerous; 38% risk of failure)
Press: ? - help, Shift-Dir - straight line, f - scorpion
Aim: a scorpion The shard of ice misses the scorpion.
Your air elemental hits the wolf spider.
Your air elemental hits the wolf spider!
The wolf spider misses your air elemental.
The wolf spider bites your air elemental.
The scorpion barely misses your air elemental.
The scorpion stings your air elemental.
Your air elemental barely misses the scorpion.
Casting: Throw Icicle (quite dangerous; 38% risk of failure)
Confirm with . or Enter, or press ? or * to list all spells.
Aiming: Throw Icicle (quite dangerous; 38% risk of failure)
Press: ? - help, Shift-Dir - straight line, f/p - scorpion
Aim: a scorpion You miscast Throw Icicle.
You are very lightly contaminated with residual magic.
Energy rips through your body!
You die...

▓..8©8..▓
▓..):)..▓
▓.."[:..▓
▓.......▓
▓...s...▓
▓..ssss.▓
...E...
▓.▓.°.▓.▓
▓...@...▓
▓▓▓▓▓▓▓▓▓


You could see a wolf spider, a redback, 3 scorpions and a friendly air
elemental.

Vanquished Creatures
  A black mamba (D)
  A naga mage (D)
  A jumping spider (D)
  A spriggan (D)
  A naga (D)
  2 water moccasins (D)
  4 porcupines (D)
  2 black bears (D)
  2 phantoms (D)
  A wolf (D)
  A necrophage (D)
  2 quasits (D)
  3 shadow imps (D)
  An ufetubus (D)
  A ball python (D)
  A jackal (D)
25 creatures vanquished.

Notes
Turn   | Place    | Note
-------+----------+-------------------------------------------
     0 | D        | Found the +6 Majin-Bo {vamp, Archmagi MP+6 Int+6}
     0 | D        | Found the +7 great mace "Firestarter" {inner flame, rF++}
     0 | D        | Leeroy the Barachi Skald began the quest for the Orb.
     0 | D        | Reached XP level 1. HP: 17/17 MP: 3/3
     0 | D        | Found a transporter.
     0 | D        | Found an ancient bone altar of Kikubaaqudgha.
     0 | D        | Found a viscous altar of Jiyva.
     0 | D        | Found a corrupted altar of Lugonu.
     0 | D        | Found a hazy altar of Hepliaklqana.
     0 | D        | Found a burning altar of Makhleb.
     0 | D        | Found an opulent altar of Gozag.
    23 | D        | Found the +9 heavy crossbow "Sniper" {velocity, Acc+∞ SInv}
    23 | D        | Found the +10 dark maul {crush}
    23 | D        | Found the +15 Maxwell's patent armour {-Cast -Tele rElec
                  | MR+ rCorr}
    23 | D        | Found the +18 shield of the Gong {rElec rN+ MR+ EV-5}
    23 | D        | Found the cursed +14 obsidian axe {chop, +Fly SInv *Curse}
    24 | D        | Found the +6 shillelagh "Devastator" {shatter}
    24 | D        | Found the +11 plutonium sword {*Contam Stlth-}
    24 | D        | Found the +8 lance "Wyrmbane" {slay drac, rPois rF+ rC+
                  | AC+3}
    24 | D        | Found the +9 sword of Zonguldrok {reap}
    24 | D        | Found the cursed +13 scythe of Curses {drain, *Curse}
    24 | D        | Found the +0 sword of Power
    24 | D        | Found the +7 mace of Variability {chain chaos}
    24 | D        | Found the +7 Singing Sword {slice, sonic wave}
    24 | D        | Found the +7 longbow "Piercer" {penet, EV-2}
   139 | D        | Became a worshipper of Qazlal Stormbringer
   147 | D        | Entered arena 2.
   147 | D        | Found a transporter.
   150 | D        | Reached skill level 5 in Long Blades
   150 | D        | Reached XP level 2. HP: 23/23 MP: 5/5
   158 | D        | Reached skill level 6 in Long Blades
   166 | D        | Entered arena 3.
   166 | D        | Noticed a necrophage
   166 | D        | Noticed a phantom
   166 | D        | Noticed a phantom
   166 | D        | Found a transporter.
   177 | D        | Killed a necrophage
   177 | D        | Reached * piety under Qazlal
   177 | D        | Reached skill level 10 in Long Blades
   177 | D        | Reached XP level 3. HP: 15/28 MP: 6/6
   177 | D        | Reached XP level 4. HP: 19/34 MP: 7/7
   187 | D        | Killed a phantom
   187 | D        | Reached skill level 12 in Long Blades
   187 | D        | Reached XP level 5. HP: 20/39 MP: 8/8
   193 | D        | Killed a phantom
   193 | D        | Reached ** piety under Qazlal
   193 | D        | Reached skill level 14 in Long Blades
   193 | D        | Reached XP level 6. HP: 25/46 MP: 9/9
   199 | D        | Got the Handbook of Ice
   231 | D        | Learned a level 3 spell: Spectral Weapon
   236 | D        | Learned a level 4 spell: Throw Icicle
   330 | D        | Entered arena 4.
   330 | D        | Noticed a black bear
   330 | D        | Noticed a black bear
   330 | D        | Noticed a spriggan
   330 | D        | Found a transporter.
   334 | D        | Killed a spriggan
   338 | D        | Reached skill level 15 in Long Blades
   338 | D        | Reached XP level 7. HP: 42/51 MP: 10/10
   347 | D        | Reached skill level 5 in Conjurations
   347 | D        | Reached skill level 5 in Hexes
   349 | D        | Reached *** piety under Qazlal
   366 | D        | Got the +5 short sword of the Little People {elec, MR++}
   583 | D        | Entered arena 5.
   583 | D        | Found a transporter.
   598 | D        | Reached skill level 16 in Long Blades
   602 | D        | Reached **** piety under Qazlal
   635 | D        | Learned a level 1 spell: Confusing Touch
   666 | D        | Entered arena 6.
   666 | D        | Found a transporter.
   668 | D        | Reached XP level 8. HP: 57/57 MP: 11/11
   671 | D        | Reached skill level 1 in Invocations
   673 | D        | Reached ***** piety under Qazlal
   848 | D        | Entered arena 7.
   848 | D        | Noticed a naga mage
   848 | D        | Noticed a black mamba
   848 | D        | Found a transporter.
   856 | D        | Killed a black mamba
   856 | D        | Reached skill level 5 in Invocations
   862 | D        | Reached XP level 9. HP: 47/65 MP: 11/13
   867 | D        | Killed a naga mage
   870 | D        | Reached skill level 1 in Ice Magic
   893 | D        | Got the Collected Works on Companions
   929 | D        | Entered arena 8.
   929 | D        | Noticed a jumping spider
   929 | D        | Noticed a wolf spider
   929 | D        | Found a transporter.
   934 | D        | Killed a jumping spider
   934 | D        | Reached skill level 5 in Ice Magic
   936 | D        | Killed by miscasting Throw Icicle

Vault maps used:
D:        sprint_v

Skill      XL: |  1  2  3  4  5  6  7  8  9 |
---------------+----------------------------+-----
Long Blades    | 5 10 12 14 15 16 | 16.6
Conjurations   | 4 5 |  5.5
Hexes          | 4 7 |  7.3
Armour         | 2 7 9 |  9.2
Invocations    | 6 7 |  7.2
Fighting       | 3 |  3.7
Ice Magic      | 5 |  5.5
Dodging        | |  2.1
Spellcasting   | |  2.1
Charms         | |  3.2

Action                   |  1- 3 |  4- 6 |  7- 9 || total
-------------------------+-------+-------+-------++-------
Melee: Demon blade       |    18 |    14 |       ||    32
       Double sword      |       |     7 |    56 ||    63
 Fire: Fustibalus        |     1 |       |     2 ||     3
 Cast: Throw Icicle      |       |       |     1 ||     1
Invok: Elemental Force   |       |       |     1 ||     1
  Use: Scroll            |       |       |     2 ||     2
Armor: Plate armour      |     4 |     7 |    47 ||    58
       Fire dragon scale |       |       |     1 ||     1
Dodge: Dodged            |     1 |       |     4 ||     5
Block: Shield            |    22 |    25 |   109 ||   156
       Reflection        |       |       |     3 ||     3
       Other             |       |       |     1 ||     1
       Rpst.: Double sword |       |       |     1 ||     1

Table legend:
 A = Non-vault XP
 B = Vault XP
 C = Vault XP percentage of total XP
 D = Non-vault monster count
 E = Vault monster count
 F = Vault count percentage of total count
                 A         B        C        D         E       F
            +---------+---------+-------+---------+---------+-------
      Total |       0 |    3312 | 100.0 |       0 |      25 | 100.0
            +---------+---------+-------+---------+---------+-------
          D |       0 |    3312 | 100.0 |       0 |      25 | 100.0
            +---------+---------+-------+---------+---------+-------
